 Dungeon Crawl Stone Soup version 0.19.1-1-g22dce08 (webtiles) character file.

175 theAP the Cudgeler (level 5, -3/34 HPs)
             Began as a Gargoyle Fighter on Jan 19, 2017.
             Was an Initiate of Gozag.
             Killed by divine providence
             ... invoked by an orc priest
              (11 damage)
             ... on level 4 of the Dungeon.
             The game lasted 00:03:30 (1864 turns).

theAP the Cudgeler (Gargoyle Fighter)               Turns: 1864, Time: 00:03:31

Health: -3/34      AC: 13    Str: 21    XL:     5   Next: 55%
Magic:  5/5        EV:  7    Int:  8    God:    Gozag
Gold:   252        SH: 11    Dex:  9    Spells: 0 memorised, 4 levels left

rFire  . . .     SeeInvis .     a - +0 flail
rCold  . . .     Gourm    .     b - +0 scale mail
rNeg   + . .     Faith    .     c - +2 shield
rPois  ∞         Spirit   .     (no helmet)
rElec  +         Reflect  .     e - +0 cloak
rCorr  .         Harm     .     (no gloves)
MR     .....                    q - +0 pair of boots
Stlth  ..........               m - amulet of regeneration
                                (no ring)
                                (no ring)

@: no status effects
A: negative energy resistance 1, electricity resistance, unbreathing,
petrification resistance, rot immunity, AC +4
a: Potion Petition, Call Merchant, Bribe Branch, Renounce Religion


You were on level 4 of the Dungeon.
You worshipped Gozag.
Gozag was aware of your devotion.
You were not hungry.

You visited 1 branch of the dungeon, and saw 4 of its levels.

You collected 287 gold pieces.
You paid 35 gold pieces to Gozag.

Inventory:

Hand Weapons
 a - a +0 flail (weapon)
Armour
 b - a +0 scale mail (worn)
 c - a +2 shield (worn)
 e - a +0 cloak (worn)
 q - a +0 pair of boots (worn)
Jewellery
 m - an amulet of regeneration (around neck)
Scrolls
 j - 2 scrolls of teleportation
 o - a scroll of identify
Potions
 d - 2 potions of might
 g - 2 potions of lignification
 k - a potion of magic {unknown}
 n - 3 potions of curing {unknown}
 p - a potion of degeneration {unknown}
Comestibles
 f - 2 bread rations
 h - a meat ration


   Skills:
 + Level 4.5 Fighting
 * Level 4.7 Maces & Flails
 - Level 3.3 Armour
 - Level 3.2 Shields


You had 4 spell levels left.
You didn't know any spells.

Dungeon Overview and Level Annotations

Branches:
Dungeon (4/15)
 Temple: D:4-7

Altars:
Cheibriados
Gozag
Vehumet

Annotations:
D:4 Menkaure


Innate Abilities, Weirdness & Mutations

You are resistant to torment.
Your stone body is resilient. (AC +4)
You are immune to poison.
You resist negative energy. (rN+)
You are resistant to electric shocks. (rElec)
You can survive without breathing.
You are immune to petrification.
You are immune to rotting.


Message History

You barely miss the orc. The orc hits you but does no damage.
The orc priest hits you but does no damage.
You closely miss the orc priest.
The orc priest hits you but does no damage.
The orc priest calls down the wrath of Beogh upon you.
Beogh smites you!
You completely miss the orc priest.
The orc priest hits you but does no damage.
You barely miss the orc priest.
The orc priest mumbles some strange prayers to Beogh against you.
Beogh smites you!
* * * LOW HITPOINT WARNING * * *
You block the orc priest's attack.
You hit the orc.
The orc is almost dead.
You hear the slow rusting of a drain nearby.
The orc priest mumbles some strange prayers to Beogh against you.
Beogh smites you!
You die...
Your body crumbles into a pile of gold.

............#........
#.
#.##.......#....<..#
#..
#.#.......#...###.#
...#
#........(.......#
....#
##........#####..# .
...###.........# .#
..M ..#..........# #
#..#o##.######.#
#..Moo@.# #.#
#...##### #.. #.#.
#### #


You could see Menkaure, 2 orc priests and an orc.

Vanquished Creatures
  A jelly (D:3)
  Crazy Yiuf (D:3)
  A worker ant (D:3)
  3 adders
  3 worms
  2 dart slugs
  2 orcs (D:3)
  A ball python (D:3)
  3 giant cockroaches
  6 goblins
  7 hobgoblins
  3 jackals (D:2)
  A quokka (D:3)
  6 bats
  4 frilled lizards (D:2)
  5 kobolds
  3 rats
52 creatures vanquished.

Notes
Turn   | Place    | Note
-------+----------+-------------------------------------------
     0 | D:1      | theAP the Gargoyle Fighter began the quest for the Orb.
     0 | D:1      | Reached XP level 1. HP: 14/14 MP: 1/1
   138 | D:1      | Reached XP level 2. HP: 14/19 MP: 2/2
   616 | D:2      | Reached XP level 3. HP: 23/23 MP: 3/3
   891 | D:2      | Found an opulent altar of Gozag.
   916 | D:2      | Became a worshipper of Gozag Ym Sagoz the Greedy
  1188 | D:3      | Reached XP level 4. HP: 28/29 MP: 4/4
  1374 | D:3      | Found a snail-covered altar of Cheibriados.
  1496 | D:3      | Found a runed door.
  1606 | D:3      | Reached XP level 5. HP: 34/34 MP: 5/5
  1638 | D:3      | Found a faded altar of an unknown god.
  1638 | D:3      | Found a faded altar of an unknown god.
  1643 | D:3      | Found a radiant altar of Vehumet.
  1656 | D:3      | Found a faded altar of an unknown god.
  1658 | D:3      | Found a faded altar of an unknown god.
  1763 | D:3      | Noticed Crazy Yiuf
  1770 | D:3      | Killed Crazy Yiuf
  1858 | D:4      | Noticed Menkaure
  1864 | D:4      | Killed from afar by an orc priest

Skill      XL: |  1  2  3  4 |
---------------+-------------+-----
Maces & Flails | 3 4 |  4.7
Fighting       | 4 |  4.5
Armour         | |  3.3
Shields        | |  3.2

Action                   |  1- 3 |  4- 6 || total
-------------------------+-------+-------++-------
Melee: Flail             |   102 |   103 ||   205
  Use: Scroll            |       |     8 ||     8
  Eat: Pizza             |       |     1 ||     1
       Bread ration      |       |     1 ||     1
Armor: Scale mail        |    54 |    54 ||   108
Dodge: Dodged            |    33 |    25 ||    58
Block: Shield            |    46 |    63 ||   109
